 Dungeon Sprint DCSS version 0.29-a0-925-g0a7a3d12f8 (webtiles) character file.

Game seed: 1726421925529020652

170 rocky1 the Digger (level 5, -1/28 HPs)
             Began as a Deep Elf Earth Elementalist on July 28, 2022.
             Was a Priest of Sif Muna.
             Slain by a wolf (11 damage)
             ... in the Dungeon (Sprint VII: "The Pits").
             The game lasted 00:03:04 (603 turns).

rocky1 the Digger (Deep Elf Earth Elementalist)      Turns: 603, Time: 00:03:06

Health: -1/28      AC:  2    Str:  5    XL:     5   Next: 26%
Magic:  9/16       EV: 12    Int: 22    God:    Sif Muna [***...]
Gold:   0          SH:  0    Dex: 15    Spells: 9/17 levels left

rFire   . . .      SeeInvis .   l - +2 quarterstaff (protect)
rCold   . . .      Faith    .   (shield currently unavailable)
rNeg    . . .      Spirit   .   a - +0 robe
rPois   .          Reflect  .   (no helmet)
rElec   .          Harm     .   (no cloak)
rCorr   .          Rampage  .   (no gloves)
Will    .....      NoTele   +   (no boots)
Stlth   ++........              (no amulet)
HPRegen 0.09/turn               (no ring)
MPRegen 0.15/turn               (no ring)

@: no status effects
A: no striking features
a: Renounce Religion, Channel Magic, Forget Spell


You were in the Dungeon.
You worshipped Sif Muna.
Sif Muna was most pleased with you.
You visited 1 branch

Inventory:

Hand Weapons
 l - a +2 quarterstaff of protection (weapon)
Armour
 a - a +0 robe (worn)
Scrolls
 g - a scroll of blinking
 i - 5 scrolls of amnesia
 j - a scroll of summoning
Potions
 b - 5 potions of magic
 c - 6 potions of curing
 d - 6 potions of heal wounds
 e - a potion of haste
 f - 3 potions of berserk rage
 h - 2 potions of invisibility


   Skills:
 - Level 2.5 Dodging
 - Level 2.5 Stealth
 + Level 6.9 Spellcasting
 + Level 3.0 Conjurations
 + Level 5.1 Transmutations
 + Level 7.5 Earth Magic
 + Level 4.9 Invocations


You had 9 spell levels left.
You knew the following spells:

 Your Spells              Type           Power      Damage    Failure   Level
a - Sandblast             Erth           80%        2d17      1%          1
b - Stone Arrow           Conj/Erth      62%        3d10      2%          3
c - Petrify               Tmut/Erth      35%        N/A       6%          4

Your spell library contained the following spells:

 Spells                   Type           Power      Damage    Failure   Level
 Passwall                 Tmut/Erth      29%        N/A       1%          2


Dungeon Overview and Level Annotations

Branches:
Dungeon (1/1)

Altars:
Ashenzari
Cheibriados
Dithmenos
Elyvilon
Fedhas
Gozag
Hepliaklqana
Kikubaaqudgha
Makhleb
Nemelex Xobeh
Okawaru
Qazlal
Ru
Sif Muna
Trog
Uskayaw
Vehumet
Wu Jian
Xom
Yredelemnul
Zin
The Shining One
Jiyva
Lugonu


Message History

Press: ? - help, Shift-Dir - straight line, f/p - ogre
Aim: an ogre, wielding a +0 giant club (heavily wounded, 92% to hit)
The blast of sand hits the ogre!
You kill the ogre!
Sif Muna accepts your kill.
You can now freely open your mind to new spells.
The wolf howls!
The wolf barely misses you.
Your Spellcasting skill increases to level 6!
Your Conjurations skill gained 3 levels and is now at level 3!
Your Transmutations skill gained 2 levels and is now at level 5!
Your Earth Magic skill increases to level 7!
Your Invocations skill increases to level 4!
You have reached level 5!
Casting: Sandblast (safe; 1% risk of failure)
Confirm with . or Enter, or press ? or * to list all spells.
Aiming: Sandblast (safe; 1% risk of failure)
Press: ? - help, Shift-Dir - straight line, f - wolf
Aim: a wolf (75% to hit)
The blast of sand misses the wolf.
The wolf bites you! The wolf closely misses you. The wolf bites you!
Unknown command.
Casting: Sandblast (safe; 1% risk of failure)
Confirm with . or Enter, or press ? or * to list all spells.
Aiming: Sandblast (safe; 1% risk of failure)
Press: ? - help, Shift-Dir - straight line, f/p - wolf
Aim: a wolf (75% to hit)
The blast of sand hits the wolf!
The wolf is heavily wounded.
The wolf bites you but does no damage. The wolf completely misses you.
The wolf misses you.
Casting: Sandblast (safe; 1% risk of failure)
Confirm with . or Enter, or press ? or * to list all spells.
Aiming: Sandblast (safe; 1% risk of failure)
Press: ? - help, Shift-Dir - straight line, f/p - wolf
Aim: a wolf (heavily wounded, 75% to hit)
The blast of sand hits the wolf!
The wolf is almost dead.
The wolf barely misses you. The wolf bites you!
You die...

#.?(.')))'.##.....
##########.##.....
#...........'.....
#'#####'#####.....
#.#..#...'.##.....
#.#..#...#.#####'#
#.#..#####.##.....
#.#..'...#.##.....
#@#..')).'.##.....
#h#..########...<.
#.#..'[))).##.....
#.#..#[))).##.....
#†###########.....
#.....O.# ######
#......h#
#...#...# #..##
..#


You could see a wolf.

Vanquished Creatures
  An ogre (D)
  A scorpion (D)
  An ufetubus (D)
  An adder skeleton (D)
  A ball python (D)
  2 endoplasms (D)
  A giant cockroach (D)
  2 goblins (D)
  A frilled lizard (D)
11 creatures vanquished.

Notes
Turn   | Place    | Note
-------+----------+-------------------------------------------
     0 | D        | rocky1 the Deep Elf Earth Elementalist began the quest for
                  | the Orb.
     0 | D        | Reached XP level 1. HP: 10/10 MP: 6/6
    20 | D        | Found a bloodstained altar of Trog.
    20 | D        | Found a shimmering blue altar of Sif Muna.
    20 | D        | Found a viscous altar of Jiyva.
    20 | D        | Found a hazy altar of Hepliaklqana.
    20 | D        | Found an opulent altar of Gozag.
    21 | D        | Found a glowing golden altar of the Shining One.
    21 | D        | Found a glowing silver altar of Zin.
    21 | D        | Found a basalt altar of Yredelemnul.
    21 | D        | Found a shimmering altar of Xom.
    21 | D        | Found an ornate altar of the Wu Jian Council.
    21 | D        | Found a sacrificial altar of Ru.
    21 | D        | Found a stormy altar of Qazlal.
    21 | D        | Found an iron altar of Okawaru.
    21 | D        | Found a sparkling altar of Nemelex Xobeh.
    21 | D        | Found a burning altar of Makhleb.
    21 | D        | Found a blossoming altar of Fedhas.
    21 | D        | Found a white marble altar of Elyvilon.
    21 | D        | Found a shadowy altar of Dithmenos.
    21 | D        | Found a snail-covered altar of Cheibriados.
    24 | D        | Found a corrupted altar of Lugonu.
    24 | D        | Found a radiant altar of Vehumet.
    25 | D        | Found an ancient bone altar of Kikubaaqudgha.
    25 | D        | Found a hide-covered altar of Uskayaw.
    25 | D        | Found a broken altar of Ashenzari.
    26 | D        | Became a worshipper of Sif Muna the Loreminder
    74 | D        | Reached skill level 4 in Earth Magic
   407 | D        | Reached * piety under Sif Muna
   411 | D        | Reached skill level 1 in Invocations
   421 | D        | Reached XP level 2. HP: 14/15 MP: 8/8
   442 | D        | Reached ** piety under Sif Muna
   449 | D        | Reached skill level 5 in Earth Magic
   534 | D        | Noticed a scorpion
   536 | D        | Killed a scorpion
   537 | D        | Reached skill level 5 in Spellcasting
   537 | D        | Reached skill level 6 in Earth Magic
   537 | D        | Reached XP level 3. HP: 19/19 MP: 8/12
   537 | D        | Reached XP level 4. HP: 24/24 MP: 8/13
   576 | D        | Learned a level 3 spell: Stone Arrow
   581 | D        | Learned a level 4 spell: Petrify
   592 | D        | Noticed an ogre
   592 | D        | Noticed a wolf
   600 | D        | Killed an ogre
   600 | D        | Reached *** piety under Sif Muna
   601 | D        | Reached skill level 5 in Transmutations
   601 | D        | Reached skill level 7 in Earth Magic
   601 | D        | Reached XP level 5. HP: 28/28 MP: 11/16
   603 | D        | Slain by a wolf

Illustrated notes

Levels and vault maps discovered:
D:        pitsprint [storerooms_1, entrance_room_1, metal_vault_4, armoury_2,
          mini_pit_1, grid_room_1, main_hall_1, silver_pit, the_coven_3,
          the_vestibule_1, steel_vault_1, golden_pit, hallway_of_sentries,
          crystal_vault_3, iron_vault_4, final_vault]

Skill      XL: |  1  2  3  4 |
---------------+-------------+-----
Earth Magic    | 4 6 7 |  7.5
Invocations    | 1 3 4 |  4.9
Transmutations | 2 3 5 |  5.1
Spellcasting   | 5 6 |  6.9
Conjurations   | 3 |  3.0
Dodging        | |  2.5
Stealth        | |  2.5

Action                   |  1- 3 |  4- 6 || total
-------------------------+-------+-------++-------
Melee: Quarterstaff      |    17 |       ||    17
 Cast: Sandblast         |     6 |     6 ||    12
 Stab: Sleeping          |     1 |       ||     1
Armor: Robe              |     5 |     1 ||     6
Dodge: Dodged            |    18 |     6 ||    24

Table legend: (Time is in decaauts)
 A = Elapsed time spent in this place.
 B = Non-inter-level travel time spent in this place.
 C = Inter-level travel time spent in this place.
 D = Time resting spent in this place.
 E = Time spent auto-exploring this place.
 F = Levels seen in this place.
 G = Mean time per level.
                   A        B        C        D        E       F      G
               +--------+--------+--------+--------+--------+-----+--------+
         Total |    618 |    600 |     18 |    375 |      0 |   1 |  618.0 |
       Dungeon |    618 |    600 |     18 |    375 |      0 |   1 |  618.0 |
               +--------+--------+--------+--------+--------+-----+--------+

Top non-repeatable levels by time:
       D: 618 daAuts
